 Dungeon Crawl Stone Soup version 0.19.1 (webtiles) character file.

339726 ImaNewbie the Phalangite (level 21, -4/292 HPs)
             Began as a Merfolk Berserker on Dec 11, 2016.
             Was a High Priest of Trog.
             Slain by a juggernaut (60 damage)
             ... on level 4 of the Depths.
             The game lasted 04:42:34 (58360 turns).

ImaNewbie the Phalangite (Merfolk Berserker)       Turns: 58360, Time: 04:42:35

Health: -4/292     AC: 33    Str: 26    XL:     21   Next: 97%
Magic:  21/21      EV: 24    Int: 11    God:    Trog [*****.]
Gold:   2377       SH:  4    Dex: 21    Spells: 0 memorised, 20 levels left

rFire  + . .     SeeInvis +     h - +4 glaive (chop)
rCold  + . .     Gourm    .     E - +6 chain mail "Afohets" {rElec rPois rF+ rC+}
rNeg   . . .     Faith    .     (shield currently unavailable)
rPois  +         Spirit   .     k - +1 helmet
rElec  +         Reflect  +     F - +0 cloak {MR+}
rCorr  .         Harm     .     K - +0 pair of gloves
MR     +++++                    Q - +0 pair of boots
Stlth  ..........               f - +4 amulet of reflection
                                w - +3 ring of slaying
                                p - ring "Otyptei" {rElec Str+3 Int+3 Stlth-}

@: berserking, starving, regenerating, drained, very quick
A: change form in water, swift swim, stealthy swim, molten scales 1, slimy green
scales 1, thin metallic scales 1, see invisible, agile 1, magic resistance 1,
shaggy fur 1, weak 1, MP-powered wands
a: Berserk, Trog's Hand, Brothers in Arms, Burn Spellbooks, Renounce Religion
}: 2/15 runes: serpentine, barnacled


You were on level 4 of the Depths.
You worshipped Trog.
Trog was extremely pleased with you.
You were starving.

You visited 6 branches of the dungeon, and saw 35 of its levels.
You also visited: Ossuary and Volcano.

You collected 4052 gold pieces.
You spent 1675 gold pieces at shops.

Inventory:

Hand Weapons
 a - the +3 glaive of the Magi {drain, rElec rF+ rN+}
   (You found it on level 5 of the Lair of Beasts)

   A truly terrible weapon, it drains the life of those it strikes.
   It protects you from fire.
   It insulates you from electricity.
   It protects you from negative energy.
 h - a +4 glaive of chopping (weapon)
 B - a +5 antimagic bardiche
 X - a +3 trident of freezing
 Y - a +3 bardiche of flaming
Armour
 k - a +1 helmet (worn)
 E - the +6 chain mail "Afohets" (worn) {rElec rPois rF+ rC+}
   (You bought it in a shop on level 2 of the Orcish Mines)

   It protects you from fire.
   It protects you from cold.
   It insulates you from electricity.
   It protects you from poison.
 F - a +0 cloak of magic resistance (worn)
 K - a +0 pair of gloves (worn)
 Q - a +0 pair of boots (worn)
 U - a +0 buckler of reflection
Jewellery
 f - a +4 amulet of reflection (around neck)
 o - an uncursed ring of protection from cold
 p - the ring "Otyptei" (left hand) {rElec Str+3 Int+3 Stlth-}
   (You found it on level 10 of the Dungeon)

   [ring of strength]

   It affects your strength (+3).
   It affects your intelligence (+3).
   It insulates you from electricity.
   It makes you less stealthy.
 w - a +3 ring of slaying (right hand)
 y - an uncursed ring of positive energy
 A - an uncursed ring of protection from fire
Wands
 d - a wand of teleportation (3/9)
 x - a wand of disintegration (11/24)
 D - a wand of digging (17/24)
 H - a wand of teleportation (6/9)
 O - a wand of acid (8/15)
 P - a wand of paralysis (2/24)
Scrolls
 b - 4 scrolls of recharging
 e - a scroll of acquirement
 g - 5 scrolls of enchant weapon
 j - 4 scrolls of identify
 m - 3 scrolls of fear
 r - 7 scrolls of teleportation
 L - 10 scrolls of remove curse
 M - a scroll of brand weapon
 N - 4 scrolls of enchant armour
 R - 2 scrolls of torment
 S - a scroll of summoning
 T - 5 scrolls of blinking
Potions
 i - 4 potions of lignification
 n - 4 potions of flight
 q - 5 potions of curing
 s - 4 potions of heal wounds
 t - 3 potions of might
 u - 3 potions of berserk rage
 v - a potion of ambrosia
 C - 6 potions of haste
 G - 3 potions of cure mutation
 Z - 3 potions of agility
Books
 J - a book of Callings

   Spells                             Type                      Level
   a - Summon Small Mammal            Summoning                    1
   b - Call Imp                       Summoning                    2
   c - Call Canine Familiar           Summoning                    3
   d - Summon Guardian Golem          Hexes/Summoning              3
   e - Summon Lightning Spire         Summoning/Air                4
   f - Summon Ice Beast               Ice/Summoning                4
   Trog disapproves of the use of such an item.
Comestibles
 c - 13 bread rations
 l - 3 royal jellies
 z - 18 meat rations
 I - 2 beef jerkies
 V - 60 fruits


   Skills:
 - Level 24.1(22.6) Fighting
 + Level 24.5(23.0) Polearms
 - Level 16.0(14.7) Armour
 - Level 20.7(19.3) Dodging


You had 20 spell levels left.
You didn't know any spells.

Dungeon Overview and Level Annotations

Branches:
Dungeon (15/15)            Temple (0/1) D:4            Lair (6/6) D:11
 Shoals (4/4) Lair:2        Snake (4/4) Lair:3        Slime (0/5) Lair:5
    Orc (2/2) D:10            Elf (0/3) Orc:2        Vaults (0/5) D:13
 Depths (4/5) D:15

Altars:
Ashenzari
Cheibriados
Fedhas
Kikubaaqudgha
Makhleb
Nemelex Xobeh
Qazlal
Ru
Sif Muna
Trog
Xom
Beogh

Shops:
D:4 =   D:6 (   D:8 !   D:13 [   Orc:1 :   Orc:2 [([*

Portals:
Hell: Lair:6 Depths:1 Depths:2 Depths:3
Abyss: Depths:2 Depths:3 Depths:4
Pandemonium: Depths:3
Ziggurat: Depths:2

Annotations:
D:3 exclusion: downstairs
D:7 exclusion: 2 downstairs
Lair:2 exclusion: oklob plant
Snake:1 exclusion: Roxanne, Roxanne
Orc:1 Sonja
Orc:2 exclusion: upstairs
Depths:1 Mutagenic fog, 1 exclusion
Abyss:1 Eustachio


Innate Abilities, Weirdness & Mutations

You revert to your normal form in water.
You are very nimble and swift while swimming.
You are very stealthy in the water. (Stealth+)
You are partially covered in molten scales. (AC +2)
You are partially covered in slimy green scales. (AC +2)
You are partially covered in thin metallic scales. (AC +2)
You have supernaturally acute eyesight. (SInv)
You are agile. (Dex +2)
You are resistant to hostile enchantments. (MR+)
You are covered in fur. (AC +1)
You are weak. (Str -2)
You expend magic power (3 MP) to strengthen your wands.


Message History

You are starving!
Some walls begin to move on their own!
The juggernaut hits you!!
* * * LOW HITPOINT WARNING * * *
The juggernaut completely misses you.
You slash the juggernaut!
The juggernaut is lightly wounded.
You slash the juggernaut!
The juggernaut is lightly wounded.
You slash the juggernaut!
The juggernaut is lightly wounded.
You barely miss the juggernaut.
The juggernaut is lightly wounded.
You slash the juggernaut!
The juggernaut is moderately wounded.
You slice the juggernaut!!
The juggernaut is heavily wounded.
You hit the juggernaut.
The juggernaut is heavily wounded.
The juggernaut hits you!!!
You die...

...#..#.###....##......##..# #.#
...#.##..#....8##8....8# 8.# ###
#.##^#...#..L########### e #.#
.........##..##################.#
...#.........(...........#..#....
#.#####...##.E.######....#..##.#.
......#...#...(E...#...###.....#.
..(...##..##..)C..###..#.......##
.......#...#...E@.#.#.##.........
......(((..###...(.....##...###..
.....รท......[[.##.#.......(.#.#..
.....[[#....##[#..#>#...#..##.###
##.....#....#.......#...#[##...#.
.##...#####.#.####..#..##.[#.###.
..#..##...###....##.####........#
.....#......#.........#........##
.....#......#.................##.


You could see a juggernaut, a lich (invisible) and 3 earth elementals.

Vanquished Creatures
  Saint Roka (Orc:2)
  The ghost of dricus the Axe Maniac, a veteran HOBe of Trog (Depths:4)
  A golden dragon (Depths:4)
  A lich (Depths:2)
  3 tentacled monstrosities (Depths:4)
  A titan (Depths:3)
  A sphinx (Depths:2)
  A tengu reaver (Depths:4)
  8 nagarajas
  Ilsuiw (Shoals:4)
  A shadow dragon (Depths:4)
  6 frost giants
  9 fire giants
  An orc warlord (Orc:2)
  An iron dragon (Depths:3)
  Aizul (Snake:2)
  A cacodemon (Depths:3)
  5 very ugly things
  16 stone giants
  2 entropy weavers (Lair:5)
  A vampire knight (Depths:2)
  A dire elephant (Lair:6)
  Azrael (Snake:2)
  A deep elf death mage (Depths:4)
  A spark wasp (Depths:4)
  The ghost of Schattenjager the Thaumaturge, a journeyman DEFE of Sif Muna (Lair:3)
  9 ettins
  8 merfolk javelineers
  8 fire dragons
  Josephine (Snake:1)
  4 yaktaur captains
  9 merfolk impalers
  A deep elf high priest (D:13)
  2 great orbs of eyes
  2 rakshasas
  7 hydras
  8 ice dragons
  7 ogre magi
  A vault guard (D:13)
  14 naga warriors
  11 anacondas
  A hell beast (Depths:2)
  2 spriggan air magi
  6 merfolk avatars
  A death knight (D:13)
  4 centaur warriors
  A catoblepas (Depths:2)
  5 merfolk aquamancers
  2 death yaks (Depths:3)
  A satyr (Shoals:4)
  5 deep troll shamans
  3 vampire magi
  A queen ant (Lair:5)
  A hell hog (shapeshifter) (Depths:2)
  5 tengu warriors
  4 hell knights (Depths:2)
  4 deep troll earth magi (Depths:4)
  2 orc high priests
  6 spriggan berserkers
  17 naga sharpshooters
  9 shock serpents
  8 skeletal warriors (D:15)
  A salamander mystic (Snake:1)
  Nergalle (Lair:2)
  A fire crab (shapeshifter) (Depths:1)
  4 unseen horrors
  14 sea snakes
  3 flayed ghosts
  3 glowing orange brains
  2 spriggan druids (Depths:2)
  25 deep trolls
  A wizard (Lair:6)
  A death drake (shapeshifter) (Depths:3)
  8 naga ritualists
  2 lindwurms (Volcano)
  9 mana vipers
  21 hill giants
  A stone giant zombie (Depths:2)
  2 phantasmal warriors (Depths:2)
  16 harpies
  4 necromancers
  2 wolf spider zombies
  4 orc knights
  A faun (shapeshifter) (Depths:2)
  3 orc sorcerers (D:10)
  9 ugly things
  3 deep elf magi (D:15)
  3 fauns
  10 salamanders
  A manticore (shapeshifter) (Depths:4)
  16 manticores
  22 cyclopes
  A salamander (shapeshifter) (D:15)
  25 naga magi
  7 centaur zombies
  12 sirens
  5 guardian serpents
  32 black mambas
  A guardian serpent (shapeshifter) (Depths:2)
  4 elephants (Lair:6)
  4 molten gargoyles (Volcano)
  6 water nymphs
  16 spiny frogs
  3 rime drakes (Lair:6)
  4 efreet
  3 hellwings
  3 ice devils
  5 tengu conjurers
  7 komodo dragons
  24 yaktaurs
  A red devil (Depths:3)
  A meliai (D:13)
  8 hornets
  7 wind drakes
  24 merfolk
  A shadow dragon simulacrum (Depths:2)
  9 trolls
  10 snapping turtles
  A polar bear (Lair:3)
  Grinder (D:6)
  17 hippogriffs
  2 two-headed ogres
  9 blink frogs
  5 slime creatures (Depths:4)
  11 dream sheep
  A hippogriff (shapeshifter) (D:13)
  A redback (Depths:2)
  3 spriggans
  3 air elementals (Depths:2)
  A shadow (D:10)
  A redback (shapeshifter) (Depths:2)
  20 water elementals
  9 wraiths
  A ynoxinul (Depths:3)
  A basilisk (Lair:6)
  An ettin skeleton (Depths:2)
  A vampire (D:15)
  28 yaks
  2 wyverns
  A steam dragon (Lair:3)
  5 fire elementals
  4 vampire mosquitoes (D:15)
  A chaos spawn (Depths:3)
  50 nagas
  11 wargs
  18 soldier ants (Lair:5)
  Duvessa (D:6)
  13 water moccasins
  5 porcupines
  2 black bears
  5 hell hounds
  A hornet zombie (D:8)
  5 ice beasts
  45 orc warriors
  A sky beast (D:8)
  An eye of draining (D:15)
  4 necrophages (D:8)
  27 ogres
  3 boggarts (Depths:2)
  7 wolves
  13 centaurs
  10 crocodiles
  3 big kobolds
  Blork the orc (D:12)
  A gnoll sergeant (D:12)
  20 bullfrogs
  Dowan (D:6)
  2 wyvern zombies
  2 earth elementals (Volcano)
  A wyvern skeleton (D:9)
  16 killer bees
  4 scorpions
  4 howler monkeys
  11 wights
  2 electric eels
  10 crimson imps
  A bullfrog zombie (D:8)
  5 jellies
  11 hounds
  28 orc priests
  2 bullfrog skeletons
  4 iguanas
  26 orc wizards
  6 centaur skeletons
  Jessica (D:2)
  29 worker ants
  A big kobold zombie (Ossuary)
  A hound skeleton (D:7)
  A hound zombie (D:10)
  2 mummies (Ossuary)
  3 worker ant zombies
  7 gnolls
  17 adders
  6 shadow imps
  A white imp (Depths:2)
  2 oozes
  4 adder zombies (Ossuary)
  An adder skeleton (D:4)
  2 worms
  2 dart slugs
  6 leopard geckos
  125 orcs
  2 ball pythons
  7 bats
  6 giant cockroaches
  3 gnoll zombies (Ossuary)
  10 goblins
  12 hobgoblins
  20 jackals
  3 quokkas
  6 frilled lizards
  2 hobgoblin zombies (Ossuary)
  22 kobolds
  5 kobold zombies (Ossuary)
  3 orc zombies (Ossuary)
  8 rats
  4 fire vortices (Volcano)
  3 plants
1504 creatures vanquished.

Vanquished Creatures (collateral kills)
  A caustic shrike (Depths:2)
  An orc warlord (D:10)
  3 very ugly things (Depths:3)
  A merfolk impaler (Shoals:4)
  2 naga warriors (Snake:4)
  A hell beast (Lair:6)
  An anaconda (Snake:4)
  A satyr (Shoals:2)
  A death yak (Depths:3)
  A naga sharpshooter (Snake:4)
  A naga ritualist (Snake:4)
  2 fauns (Shoals:2)
  2 ugly things (Depths:3)
  2 sirens
  A guardian serpent (Snake:4)
  A black mamba (Snake:4)
  2 orange demons (Lair:6)
  3 ice devils (Lair:6)
  A red devil (Lair:6)
  A two-headed ogre (D:8)
  A yak (Depths:3)
  4 nagas (Snake:4)
  A warg (Orc:2)
  An orc warrior (Orc:2)
  An ogre (Orc:2)
  A wight (D:10)
  2 orc wizards
  An orc priest (Orc:2)
  An orc (Orc:2)
42 creatures vanquished.

Vanquished Creatures (others)
  An anaconda (Snake:4)
  A yaktaur (Depths:2)
  A hippogriff (D:8)
  A naga (Snake:2)
  A water moccasin (D:8)
  2 orc warriors
  A sky beast (D:6)
  3 centaurs
  A phantom (D:8)
  A crocodile (D:9)
  The ghost of sheala the Ducker, an amateur DEEn (Ossuary)
  A water moccasin zombie (Ossuary)
  A killer bee (D:7)
  A wight (D:6)
  A hound (D:6)
  A worker ant (D:8)
  A big kobold zombie (Ossuary)
  An adder (D:7)
  An adder zombie (Ossuary)
  2 orcs
  A jackal (D:6)
  4 gnoll zombies (Ossuary)
  7 bushes
  14 fungi
  50 plants
100 creatures vanquished.

Grand Total: 1646 creatures vanquished

Notes
Turn   | Place    | Note
-------+----------+-------------------------------------------
     0 | D:1      | ImaNewbie the Merfolk Berserker began the quest for the Orb.
     0 | D:1      | Reached XP level 1. HP: 18/18 MP: 1/1
    96 | D:1      | Reached skill level 5 in Polearms
   104 | D:1      | Reached XP level 2. HP: 24/24 MP: 2/2
   984 | D:1      | Reached XP level 3. HP: 20/29 MP: 3/3
  1177 | D:2      | Noticed Jessica
  1193 | D:2      | Killed Jessica
  1193 | D:2      | Reached ** piety under Trog
  1193 | D:2      | Reached XP level 4. HP: 12/35 MP: 4/4
  1499 | D:2      | Found a shattered altar of Ashenzari.
  2068 | D:3      | Reached XP level 5. HP: 41/41 MP: 5/5
  2801 | D:3      | Reached XP level 6. HP: 47/47 MP: 6/6
  3267 | D:3      | Found a snail-covered altar of Cheibriados.
  3267 | D:3      | Found a stormy altar of Qazlal.
  3590 | D:3      | Found a snail-covered altar of Cheibriados.
  3602 | D:3      | Reached *** piety under Trog
  3757 | D:4      | Reached skill level 10 in Polearms
  4288 | D:4      | Reached XP level 7. HP: 50/52 MP: 7/7
  4306 | D:4      | Found a shimmering altar of Xom.
  4559 | D:4      | Found a staircase to the Ecumenical Temple.
  4637 | D:4      | Found Wafuf's Jewellery Shop.
  4786 | D:5      | Entered Level 5 of the Dungeon
  4866 | D:5      | Found a bloodstained altar of Trog.
  5514 | D:5      | Reached XP level 8. HP: 27/60 MP: 8/8
  6076 | D:5      | Reached skill level 5 in Dodging
  6368 | D:5      | Got an encrusted dagger
  6369 | D:5      | Identified the cursed +2 dagger of Victory {distort, +Blink rElec Str-2 Dex+2} (You found it on level 5 of the Dungeon)
  6435 | D:6      | Reached skill level 5 in Fighting
  6448 | D:6      | Found a sand-covered staircase.
  6448 | D:6      | Found Luxkiaro's Weapon Boutique.
  6498 | Ossuary  | Entered an ossuary
  6527 | Ossuary  | Noticed sheala's ghost (amateur DEEn)
  6592 | Ossuary  | Reached **** piety under Trog
  6628 | Ossuary  | Killed sheala's ghost
  6987 | D:6      | Noticed Duvessa
  6998 | D:6      | Killed Duvessa
  7000 | D:6      | Noticed Dowan
  7007 | D:6      | Killed Dowan
  7438 | D:6      | Noticed Grinder
  7442 | D:6      | Noticed Eustachio
  7450 | D:6      | Banished Eustachio
  7450 | D:6      | Reached XP level 9. HP: 69/71 MP: 9/9
  7594 | D:6      | Killed Grinder
  7844 | D:6      | Found Luxkiaro's Weapon Boutique.
  8517 | D:7      | Noticed a hornet
  8524 | D:7      | Paralysed by a hornet for 1 turns
  8532 | D:7      | Paralysed by a hornet for 2 turns
  8534 | D:7      | Killed a hornet
  9515 | D:8      | Reached skill level 10 in Dodging
  9687 | D:8      | Found Owoireb's Distillery.
  9743 | D:8      | Bought a potion of mutation for 32 gold pieces
  9743 | D:8      | Bought a potion of mutation for 32 gold pieces
  9743 | D:8      | Bought a potion of mutation for 32 gold pieces
  9743 | D:8      | Gained mutation: You are resistant to hostile enchantments. (MR+) [potion of mutation]
  9743 | D:8      | Gained mutation: You are covered in fur. (AC +1) [potion of mutation]
  9743 | D:8      | Gained mutation: You are agile. (Dex +2) [potion of mutation]
  9744 | D:8      | Gained mutation: You are partially covered in slimy green scales. (AC +2) [potion of mutation]
  9745 | D:8      | Gained mutation: You are partially covered in molten scales. (AC +2) [potion of mutation]
  9745 | D:8      | Gained mutation: You have supernaturally acute eyesight. (SInv) [potion of mutation]
  9745 | D:8      | Gained mutation: You are partially covered in thin metallic scales. (AC +2) [potion of mutation]
  9774 | D:8      | Reached XP level 10. HP: 53/83 MP: 10/10
 10852 | D:8      | Found a blossoming altar of Fedhas.
 10922 | D:8      | Reached skill level 10 in Fighting
 11335 | D:8      | Found Owoireb's Distillery.
 11577 | D:8      | Found a blossoming altar of Fedhas.
 11768 | D:9      | Paralysed by a hornet for 2 turns
 11923 | D:9      | Gained mutation: You are weak. (Str -2) [mutagenic glow]
 12058 | D:9      | Gained mutation: You expend magic power (3 MP) to strengthen your wands. [mutagenic glow]
 12097 | D:9      | Reached XP level 11. HP: 63/93 MP: 11/11
 12656 | D:10     | Entered Level 10 of the Dungeon
 12669 | D:10     | Got a glittering iron ring
 12693 | D:10     | You fall through a shaft!
 12696 | D:11     | Noticed an unseen horror
 12705 | D:11     | Killed an unseen horror
 12802 | D:10     | Received a gift from Trog
 12922 | D:10     | Found a staircase to the Orcish Mines.
 13114 | D:10     | Reached ***** piety under Trog
 13476 | D:10     | Found a sacrificial altar of Ru.
 14053 | D:10     | Noticed a hill giant
 14063 | D:10     | Killed a hill giant
 14296 | D:10     | Received a gift from Trog
 14301 | D:10     | Got a translucent halberd {god gift}
 14302 | D:10     | Identified the +1 halberd of Zoaful {venom, +Inv rC+ Int-4} (Trog gifted it to you on level 10 of the Dungeon)
 14304 | D:10     | Identified the ring "Otyptei" {rElec Str+3 Int+3 Stlth-} (You found it on level 10 of the Dungeon)
 14407 | Orc:1    | Entered Level 1 of the Orcish Mines
 14407 | Orc:1    | Noticed an orc high priest
 14407 | Orc:1    | Noticed an orc sorcerer
 14409 | Orc:1    | Noticed a sun demon
 14411 | Orc:1    | Noticed a soul eater
 14420 | D:10     | Killed an orc sorcerer
 14449 | Orc:1    | Noticed an orc sorcerer
 14450 | Orc:1    | Noticed an orc sorcerer
 14737 | D:10     | Killed an orc sorcerer
 14737 | D:10     | Reached XP level 12. HP: 47/103 MP: 12/12
 15137 | Orc:1    | Noticed a sun demon
 15166 | D:10     | Noticed an orc warlord
 15189 | D:10     | Killed an orc warlord
 15828 | Orc:1    | Killed an orc high priest
 15994 | Orc:2    | Entered Level 2 of the Orcish Mines
 16317 | Orc:1    | Found Ilopsuffa's Book Shop.
 16603 | Orc:2    | Found a roughly hewn altar of Beogh.
 16838 | Orc:2    | Found a roughly hewn altar of Beogh.
 16905 | Orc:2    | Found a roughly hewn altar of Beogh.
 16906 | Orc:2    | Found Withrata's General Store.
 17084 | Orc:2    | Bought a scroll of identify for 28 gold pieces
 17666 | Orc:2    | Reached skill level 5 in Armour
 17699 | Orc:2    | Found a roughly hewn altar of Beogh.
 17700 | Orc:2    | Noticed Sonja
 17725 | Orc:2    | Received a gift from Trog
 17896 | Orc:2    | Found Onworrai's Armour Emporium.
 17938 | Orc:2    | Bought the +6 chain mail "Afohets" {rElec rPois rF+ rC+} for 1067 gold pieces
 17938 | Orc:2    | Bought a +0 cloak of magic resistance for 184 gold pieces
 18041 | Orc:2    | Noticed Saint Roka
 18072 | Orc:2    | Killed Saint Roka
 18072 | Orc:2    | Reached skill level 15 in Polearms
 18072 | Orc:2    | Reached XP level 13. HP: 50/109 MP: 13/13
 18294 | Orc:2    | Found a staircase to the Elven Halls.
 18521 | Orc:2    | Found a roughly hewn altar of Beogh.
 18537 | Orc:2    | Noticed an ettin
 18639 | Orc:2    | Killed an ettin
 18818 | Orc:2    | Noticed an orc warlord
 19273 | Orc:2    | Noticed an orc warlord
 19288 | Orc:2    | Killed an orc warlord
 19722 | Orc:2    | Found Jouwiuts's Antique Weapon Emporium.
 19722 | Orc:2    | Found a roughly hewn altar of Beogh.
 19729 | Orc:2    | Found Sahil's Antique Armour Shoppe.
 20032 | D:4      | Bought a +4 amulet of reflection for 300 gold pieces
 20393 | D:11     | Found a staircase to the Lair.
 20782 | D:11     | Found a stormy altar of Qazlal.
 20966 | D:11     | Received a gift from Trog
 21097 | Lair:1   | Entered Level 1 of the Lair of Beasts
 21933 | Lair:2   | Got a twisted hat
 21944 | Lair:2   | Identified the +0 hat of the Flute {rElec rC+ Str-2 Dex+4} (You found it on level 2 of the Lair of Beasts)
 22093 | Lair:2   | Found a staircase to the Shoals.
 22213 | Lair:2   | Noticed Nergalle
 22222 | Lair:2   | Killed Nergalle
 22655 | Lair:3   | Noticed Schattenjager's ghost (journeyman DEFE)
 22664 | Lair:3   | Killed Schattenjager's ghost
 22664 | Lair:3   | Reached XP level 14. HP: 116/116 MP: 14/14
 22732 | Lair:3   | Found a staircase to the Snake Pit.
 22737 | Lair:3   | Reached skill level 10 in Armour
 23441 | Lair:4   | Received a gift from Trog
 23967 | Lair:4   | Got a smoking leather armour
 23978 | Lair:4   | Identified the +2 leather armour of the Hot Ocelot {MP+9 Dex+4} (You found it on level 4 of the Lair of Beasts)
 24358 | Lair:5   | Found a staircase to the Slime Pits.
 24605 | Lair:5   | Got a crystal glaive
 24606 | Lair:5   | Identified the cursed +3 glaive of the Magi {drain, rElec rF+ rN+} (You found it on level 5 of the Lair of Beasts)
 24637 | Lair:5   | Noticed an entropy weaver
 24672 | Lair:5   | Killed an entropy weaver
 24812 | Lair:5   | Noticed an entropy weaver
 24820 | Lair:5   | Killed an entropy weaver
 25157 | Lair:6   | Entered Level 6 of the Lair of Beasts
 25178 | Lair:6   | Received a gift from Trog
 25236 | Lair:6   | Found a dark tunnel.
 25243 | Volcano  | Entered a volcano
 25812 | Lair:6   | Reached XP level 15. HP: 115/122 MP: 15/15
 26557 | Lair:6   | Found a burning altar of Makhleb.
 26592 | Lair:6   | Found a gateway to Hell.
 27430 | Shoals:1 | Entered Level 1 of the Shoals
 28302 | Shoals:1 | Received a gift from Trog
 29059 | Shoals:2 | Reached skill level 15 in Dodging
 29236 | Shoals:2 | You fall through a shaft!
 29433 | Shoals:2 | Reached XP level 16. HP: 93/131 MP: 16/16
 31136 | Shoals:3 | Reached ****** piety under Trog
 31357 | Snake:1  | Entered Level 1 of the Snake Pit
 32328 | Snake:1  | Received a gift from Trog
 32331 | Snake:1  | Got an encrusted halberd {god gift}
 32683 | Snake:1  | Noticed Josephine
 32742 | Snake:1  | Killed Josephine
 32919 | Snake:1  | Noticed Roxanne
 34294 | Snake:2  | Noticed a nagaraja
 34352 | Snake:2  | Noticed Azrael
 34375 | Snake:2  | Killed Azrael
 34602 | Snake:2  | Noticed Aizul
 34637 | Snake:2  | Killed Aizul
 34997 | Snake:2  | Killed a nagaraja
 34997 | Snake:2  | Reached XP level 17. HP: 119/139 MP: 17/17
 35028 | Snake:2  | Received a gift from Trog
 36320 | Snake:3  | Noticed Mara
 36715 | Snake:3  | Noticed ImaNewbie's illusion
 36721 | Snake:2  | Noticed ImaNewbie's illusion
 36740 | Snake:2  | Noticed ImaNewbie's illusion
 37072 | Snake:3  | Reached skill level 15 in Fighting
 37859 | Snake:4  | Entered Level 4 of the Snake Pit
 38025 | Snake:3  | Received a gift from Trog
 40055 | Snake:3  | Reached XP level 18. HP: 86/151 MP: 18/18
 40916 | Snake:4  | Got a serpentine rune of Zot
 41335 | Snake:4  | Received a gift from Trog
 41820 | Shoals:4 | Entered Level 4 of the Shoals
 42049 | Shoals:4 | Noticed Ilsuiw
 42086 | Shoals:4 | Killed Ilsuiw
 44260 | Shoals:4 | Got a barnacled rune of Zot
 44896 | D:12     | Noticed Blork the orc
 44903 | D:12     | Killed Blork the orc
 44905 | D:12     | Found a deep blue altar of Sif Muna.
 45587 | D:13     | Found Tasuil's Armour Shoppe.
 45955 | D:13     | Reached XP level 19. HP: 157/157 MP: 19/19
 46048 | D:13     | Received a gift from Trog
 46323 | D:13     | Found a gate to the Vaults.
 46764 | D:14     | Got a slimy scale mail
 46775 | D:14     | Identified the +1 scale mail of Depression {rC++ Dex+9} (You found it on level 14 of the Dungeon)
 47319 | D:15     | Entered Level 15 of the Dungeon
 47436 | D:15     | Found a sparkling altar of Nemelex Xobeh.
 47666 | D:15     | Reached skill level 15 in Armour
 47744 | D:15     | Found a staircase to the Depths.
 47838 | D:15     | Received a gift from Trog
 48224 | Depths:1 | Entered Level 1 of the Depths
 50546 | Depths:2 | Received a gift from Trog
 51041 | Depths:2 | Found a gateway to a ziggurat.
 51042 | Depths:2 | Noticed an ancient lich
 51067 | Depths:2 | Reached XP level 20. HP: 165/165 MP: 20/20
 51147 | Depths:2 | Noticed a lich
 51160 | Depths:2 | Killed a lich
 51578 | Depths:2 | Found a one-way gate to the infinite horrors of the Abyss.
 51636 | Depths:2 | Noticed a caustic shrike
 51646 | Depths:2 | Killed a caustic shrike
 52671 | Depths:3 | Received a gift from Trog
 53016 | Depths:2 | Noticed a Tzitzimitl
 54059 | Depths:3 | Received a gift from Trog
 54257 | Depths:3 | Found a one-way gate leading to the halls of Pandemonium.
 54501 | Depths:3 | Found an ancient bone altar of Kikubaaqudgha.
 54960 | Depths:3 | Reached XP level 21. HP: 138/185 MP: 21/21
 55274 | Depths:3 | Received a gift from Trog
 55796 | Depths:4 | Identified a scroll of acquirement
 55811 | Depths:4 | Got a heavily runed gossamer ring
 55813 | Depths:4 | Identified the ring of Giarpheli {rElec rC- Int+10 Dex+3} (You acquired it on level 4 of the Depths)
 56912 | Depths:4 | Noticed dricus's ghost (veteran HOBe)
 57542 | Depths:4 | Killed dricus's ghost
 57655 | Depths:4 | Noticed a golden dragon
 57671 | Depths:4 | Killed a golden dragon
 57726 | Depths:4 | Received a gift from Trog
 58324 | Depths:4 | Noticed a juggernaut
 58360 | Depths:4 | Slain by a juggernaut

Skill      XL: |  1  2  3  4  5  6  7  8  9 10 11 12 13 14 15 16 17 18 19 20 21 |
---------------+----------------------------------------------------------------+-----
Polearms       | 5 6 7 8 9 10 12 15 16 17 20 22 23 24 | 24.5
Dodging        | 4 7 10 12 14 15 16 18 20 | 20.7
Fighting       | 4 6 9 11 12 13 14 16 20 24 | 24.1
Armour         | 2 6 9 12 14 16 | 16.0

Action                   |  1- 3 |  4- 6 |  7- 9 | 10-12 | 13-15 | 16-18 | 19-21 || total
-------------------------+-------+-------+-------+-------+-------+-------+-------++-------
Melee: Spear             |    71 |   305 |   259 |   117 |       |       |       ||   752
       Tailslap          |       |       |     6 |       |    35 |    32 |    52 ||   125
       Dagger            |       |       |   390 |   297 |       |       |       ||   687
       Glaive            |       |       |       |   289 |  1325 |  2131 |  1767 ||  5512
       Halberd           |       |       |       |   415 |   154 |       |       ||   569
       Bardiche          |       |       |       |       |     7 |       |    39 ||    46
       Trident           |       |       |       |       |       |    10 |    17 ||    27
Invok: Berserk           |       |     2 |     7 |    10 |     4 |     5 |     3 ||    31
       Trog's Hand       |       |     2 |     8 |    13 |     2 |     5 |     6 ||    36
       Brothers in Arms  |       |       |       |     4 |     5 |     7 |     5 ||    21
Evoke: Wand              |       |       |       |       |     8 |     5 |       ||    13
  Use: Scroll            |       |     6 |     4 |    12 |     7 |     7 |     1 ||    37
       Potion            |       |       |     3 |     7 |     1 |     3 |       ||    14
 Stab: Sleeping          |     2 |     7 |     5 |       |       |       |       ||    14
       Distracted        |     1 |     1 |     1 |     4 |     1 |     2 |     1 ||    11
  Eat: Chunk             |     1 |    12 |    14 |    36 |    45 |    31 |    46 ||   185
       Fruit             |       |       |     2 |       |       |       |     2 ||     4
       Beef jerky        |       |       |     2 |       |       |     4 |       ||     6
       Pizza             |       |       |     1 |     1 |       |     3 |       ||     5
       Bread ration      |       |       |     1 |       |       |     4 |       ||     5
       Meat ration       |       |       |     1 |       |       |       |       ||     1
       Royal jelly       |       |       |       |     1 |       |       |       ||     1
Armor: Animal skin       |     9 |    44 |    75 |   171 |    17 |       |       ||   316
       Skin              |       |       |       |     3 |       |       |       ||     3
       Scale mail        |       |       |       |       |    33 |       |     1 ||    34
       Chain mail        |       |       |       |       |   441 |   619 |   475 ||  1535
Dodge: Dodged            |    34 |   144 |   449 |  1252 |  1257 |  1294 |  1201 ||  5631
Block: Other             |       |       |       |       |   212 |   240 |   213 ||   665
       Reflection        |       |       |       |       |     4 |    33 |    16 ||    53
